 Dungeon Crawl Stone Soup version 0.30-a0-263-ge22c4ad894 (webtiles) character file.

Game seed: 12923359043352925493

110 mopl the Sneak (level 4, -3/29 HPs)
             Began as an Octopode Brigand on Oct 13, 2022.
             Slain by an orc wizard
             ... wielding a +0 dagger
              (5 damage)
             ... on level 4 of the Dungeon.
             The game lasted 00:03:52 (1899 turns).

mopl the Sneak (Octopode Brigand)                   Turns: 1899, Time: 00:03:53

Health: -3/29      AC:  1    Str: 10    XL:     4   Next: 91%
Magic:  4/4        EV: 12    Int: 15    God:
Gold:   88         SH:  0    Dex: 13    Spells: 1/3 levels left

rFire   . . .      SeeInvis .    a - +2 dagger
rCold   . . .      Faith    .    (no shield)
rNeg    . . .      Spirit   .    (helmet restricted)
rPois   .          Reflect  .    (no amulet)
rElec   .          Harm     .    k - ring of willpower
rCorr   +          Rampage  .    n - ring of resist corrosion
Will    +....                    (no ring)
Stlth   ++++......               (no ring)
HPRegen 0.24/turn                (no ring)
MPRegen 0.09/turn                (no ring)
                                 (no ring)
                                 (no ring)

@: no status effects
A: almost no armour, amphibious, 8 rings, camouflage 1, gelatinous body 1,
(nimble swimmer 1), tentacles
a: no special abilities


You were on level 4 of the Dungeon.
You visited 1 branch of the dungeon, and saw 4 of its levels.

You collected 146 gold pieces.
You spent 58 gold pieces at shops.

Inventory:

Hand Weapons
 a - a +2 dagger (weapon)
Missiles
 b - 11 poisoned darts
 c - 3 curare-tipped darts
 h - 3 silver boomerangs
 l - 2 boomerangs
 r - 2 atropa-tipped darts (quivered)
Magical Staves
 v - a staff of death
Jewellery
 k - a ring of willpower (left tentacle)
 n - a ring of resist corrosion (right tentacle)
Scrolls
 e - 2 scrolls of identify
 f - a scroll of amnesia {unknown}
 g - a scroll of butterflies {unknown}
 s - a scroll of blinking {unknown}
Potions
 i - 2 potions of heal wounds
 j - a potion of might {unknown}
 m - a potion of flight {unknown}
 o - 2 potions of brilliance {unknown}
 p - 2 potions of berserk rage {unknown}
 q - a potion of cancellation {unknown}
 u - a potion of lignification {unknown}


   Skills:
 - Level 2.0 Fighting
 - Level 2.0 Short Blades
 + Level 3.7 Throwing
 - Level 1.0 Dodging
 + Level 7.0 Stealth
 + Level 0.0 Spellcasting
 + Level 0.1 Transmutations
 + Level 0.0 Earth Magic


You had one spell level left.
You knew the following spells:

 Your Spells              Type           Power      Damage    Failure   Level
p - Passwall              Tmut/Erth      0%         N/A       38%         2

Your spell library contained the following spells:

 Spells                   Type           Power      Damage    Failure   Level
 Ensorcelled Hibernation  Hex/Ice        0%         N/A       38%         2
 Inner Flame              Hex/Fire       0%         N/A       63%         3
 Swiftness                Air            0%         N/A       63%         3
 Flame Wave               Conj/Fire      0%         2d4       95%         4
 Sticky Flame             Conj/Fire      0%         2d3       95%         4
 Freezing Cloud           Conj/Ice/Air   0%         6-21      100%        5
 Simulacrum               Ice/Necr       0%         N/A       100%        6
 Malign Gateway           Summ/Tloc      0%         N/A       100%        7
 Summon Horrible Things   Summ           0%         N/A       100%        8
 Polar Vortex             Ice            0%         N/A       100%        9


Dungeon Overview and Level Annotations

Branches:
Dungeon (4/15)
 Temple: D:4-7

Altars:

Shops:
D:2 *

Annotations:
D:3 Grinder, Ijyb, Robin


Innate Abilities, Weirdness & Mutations

You cannot wear most types of armour.
You are amphibious.
You can wear up to eight rings at the same time.
Your skin changes colour to match your surroundings (Stealth+).
Your rubbery body absorbs attacks. (AC +1, EV +1)
((You are camouflaged when in or above water. (Stealth+)))
You have tentacles for arms and can constrict up to eight enemies at once.


Message History

Found a stone staircase leading up.
Your surroundings suddenly seem different.
It was a potion of heal wounds.
You feel much better. The ogre closely misses you.
Really read the scroll of poison?
The air fills with toxic fumes!
As you read the scroll of poison, it crumbles to dust.
The ogre closely misses you.
Throw: 6 darts (atropa)
Press: ? - help, Q - select action, (/) - cycle Shift-Dir - straight line, f - ogre
Aim: an ogre, wielding a +0 giant club (74% to hit, chance to blind on hit: 70%)
You throw an atropa-tipped dart. The atropa-tipped dart hits the ogre.
The ogre resists.
Throw: 5 darts (atropa)
Press: ? - help, Q - select action, (/) - cycle Shift-Dir - straight line, f/p - ogre
Aim: an ogre, wielding a +0 giant club (74% to hit, chance to blind on hit: 73%)
You throw an atropa-tipped dart.
The atropa-tipped dart completely misses the ogre.
The ogre hits you with a +0 giant club!!
Ouch! That really hurt!
* * * LOW HITPOINT WARNING * * *
Throw: 4 darts (atropa)
Press: ? - help, Q - select action, (/) - cycle Shift-Dir - straight line, f/p - ogre
Aim: an ogre, wielding a +0 giant club (74% to hit, chance to blind on hit: 75%)
You throw an atropa-tipped dart.
The atropa-tipped dart barely misses the ogre.
Throw: 3 darts (atropa)
Press: ? - help, Q - select action, (/) - cycle Shift-Dir - straight line, f/p - ogre
Aim: an ogre, wielding a +0 giant club (74% to hit, chance to blind on hit: 70%)
You throw an atropa-tipped dart. The atropa-tipped dart hits the ogre.
The ogre appears confused.
You hit the ogre but do no damage.
The ogre is engulfed in poison gas.
The ogre is poisoned.
Something barely misses you.
You hit the ogre. You squeeze the ogre, but do no damage.
The ogre is moderately wounded.
The ogre is engulfed in poison gas.
The ogre looks even sicker.
You hit the ogre but do no damage. You squeeze the ogre!
The ogre is severely wounded.
The ogre seems less confused.
Something hits you.
You die...

##### ##§#§## #
##§§O@§# ...
#§§§§(#####....#
##§§##(§.......#
#§§..§§§§.....##
#§☼§...§§§§§#..##
#.§§...##§§☼§#...#
#.§.##.##§§§§§.....
.....
#.#####§§☼.<...
.... #{# ###.....#


You could see an ogre (wandering, blind, very poisoned).

Vanquished Creatures
  Jessica (D:2)
  3 adders (D:2)
  A dart slug (D:1)
  An orc (D:3)
  4 endoplasms (D:2)
  2 giant cockroaches
  4 goblins
  6 hobgoblins
  2 jackals (D:2)
  4 quokkas
  5 ball pythons
  6 bats
  4 frilled lizards
  3 kobolds
  6 rats
52 creatures vanquished.

Vanquished Creatures (others)
  A fungus (D:1)
1 creature vanquished.

Grand Total: 53 creatures vanquished

Notes
Turn   | Place    | Note
-------+----------+-------------------------------------------
     0 | D:1      | mopl the Octopode Brigand began the quest for the Orb.
     0 | D:1      | Reached XP level 1. HP: 14/14 MP: 1/1
   277 | D:1      | Reached XP level 2. HP: 11/19 MP: 2/2
   499 | D:1      | Reached skill level 6 in Stealth
   604 | D:1      | Reached XP level 3. HP: 24/24 MP: 3/3
   972 | D:1      | Found a faded altar of an unknown god.
  1123 | D:2      | Reached skill level 3 in Throwing
  1211 | D:2      | Reached XP level 4. HP: 12/29 MP: 4/4
  1319 | D:2      | Found Roeddu's Assorted Antiques.
  1343 | D:2      | Bought a lumpy puce potion for 19 gold pieces
  1343 | D:2      | Bought 2 red potions for 39 gold pieces
  1355 | D:2      | Noticed Jessica
  1358 | D:2      | Killed Jessica
  1758 | D:3      | Reached skill level 7 in Stealth
  1794 | D:3      | Learned a level 2 spell: Passwall
  1810 | D:3      | Noticed Grinder
  1834 | D:3      | Identified the +0 helmet of Kaobag {rElec rC+ Stlth+}
  1834 | D:3      | Noticed Robin
  1836 | D:3      | Noticed Ijyb
  1880 | D:4      | Noticed an ogre
  1887 | D:4      | HP: 1/29 [ogre/+0 giant club (12)]
  1894 | D:4      | HP: 1/29 [ogre/+0 giant club (27)]
  1899 | D:4      | Slain by an orc wizard

Illustrated notes

Levels and vault maps discovered:
D:1:      mrwooster_arrival_statue_3, layout_loops_corners,
          shapermc_ecumenical_altar_hornbeckon, minmay_misc_feat_chi,
          supply_closet_lemuel
D:2:      layout_loops_ring, serial_shops,
          nicolae_shop_temple_entry_statues_fountains, uniq_jessica
D:3:      layout_rooms, mainiacjoe_overflow_chevrons, uniq_robin, uniq_grinder,
          uniq_ijyb
D:4:      layout_cave_pools

Skill      XL: |  1  2  3  4 |
---------------+-------------+-----
Stealth        | 6 7 |  7.0
Throwing       | 3 |  3.7
Fighting       | |  2.0
Short Blades   | |  2.0
Dodging        | |  1.0
Transmutations | |  0.1

Action                   |  1- 3 |  4- 6 || total
-------------------------+-------+-------++-------
Melee: Dagger            |    72 |    24 ||    96
       Constrict         |    15 |     5 ||    20
       Tentacles         |     8 |     6 ||    14
       Punch             |     1 |       ||     1
Throw: Dart              |       |     4 ||     4
  Use: Scroll            |       |     3 ||     3
       Potion            |       |     1 ||     1
 Stab: Sleeping          |    19 |     7 ||    26
Armor: Skin              |     8 |     4 ||    12
Dodge: Dodged            |    33 |    21 ||    54

Table legend: (Time is in decaauts)
 A = Elapsed time spent in this place.
 B = Non-inter-level travel time spent in this place.
 C = Inter-level travel time spent in this place.
 D = Time resting spent in this place.
 E = Time spent auto-exploring this place.
 F = Levels seen in this place.
 G = Mean time per level.
                   A        B        C        D        E       F      G
               +--------+--------+--------+--------+--------+-----+--------+
         Total |   1888 |   1816 |     72 |     91 |   1306 |   4 |  472.0 |
       Dungeon |   1888 |   1816 |     72 |     91 |   1306 |   4 |  472.0 |
               +--------+--------+--------+--------+--------+-----+--------+

Top non-repeatable levels by time:
     D:1: 1010 daAuts
     D:2: 743 daAuts
     D:3: 116 daAuts
     D:4: 17 daAuts
